Map: Crimson Court LE

Players

KinqBlu - Winner!

  • Race: Zerg Zerg
  • League: Gold
  • Spawn Location: 7:00

xBenx

  • Race: Zerg Zerg
  • League: Gold
  • Spawn Location: 1:00

VOD

Have the link to the VOD?

Description

xBenx vs KinqBlu

Time

  • Played on: March 30, 2024, 5:21 p.m.
  • Length: 11:22
Show
View Real Time Build Order
Export as new Build Order

KinqBlu Zerg - Winner!

Build Orders: Hatch First 

Get SALT Encoding   

  12  0:02  Drone  
  13  0:13  Overlord  
  13  0:21  Drone  
  14  0:33  Drone x2  
  16  0:52  Hatchery  
  16  0:54  Drone  
  16  1:06  Drone x2  
  18  1:18  Spawning Pool  
  18  1:20  Drone  
  18  1:37  Extractor  
  18  1:38  Drone  
  18  1:40  Drone  
  19  1:56  Drone  
  20  2:03  Drone x2  
  20  2:05  Queen x2  
  20  2:07  Overlord  
  26  2:22  Drone  
  27  2:23  Drone  
  28  2:32  Drone x2  
  30  2:40  Roach Warren  
  29  2:50  Evolution Chamber  
  28  3:03  Drone x6  
  34  3:12  Queen  
  36  3:13  Lair  
  36  3:26  Overlord x2  
  36  3:33  Overlord x2  
  36  3:53  Roach  
  36  3:54  Roach x6  
  50  3:58  Drone  
  50  3:59  Drone x2  
  53  4:11  Drone  
  53  4:12  Drone x4  
  53  4:15  Extractor  
  53  4:17  Extractor  
  56  4:34  Zerg Missile Weapons Level 1  
  56  4:41  Overlord x2  
  56  4:45  Drone x4  
  57  4:47  Overlord  
  60  5:05  Drone x2  
  62  5:13  Hatchery  
  61  5:15  Glial Reconstitution  
  61  5:19  Roach x4  
  67  5:35  Spine Crawler  
  66  5:41  Drone x2  
  66  5:42  Evolution Chamber  
  67  5:46  Queen  
  69  5:53  Hydralisk Den  
  69  5:55  Extractor  
  67  5:59  Drone x2  
  69  6:12  Zerg Ground Armor Level 1  
  69  6:17  Drone x5  
  69  6:18  Drone x3  
  77  6:30  Drone  
  77  6:31  Drone  
  77  6:32  Overlord x3  
  79  6:42  Zerg Missile Weapons Level 2  
  79  6:51  Drone x7  
  86  6:54  Extractor  
  86  6:57  Extractor  
  86  7:00  Infestation Pit  
  83  7:15  Hydralisk x9  
  85  7:16  Hydralisk  
  103  7:26  Drone x2  
  105  7:31  Drone x3  
  105  7:33  Overlord x2  
  108  7:50  Hive  
  108  7:58  Lurker Den  
  107  8:02  Queen  
  109  8:25  Hydralisk x13  
  121  8:33  Drone  
  116  8:34  Drone x5  
  108  9:08  Drone  
  108  9:09  Drone x9  
  108  9:32  Hydralisk  
  108  9:33  Hydralisk x10  
  122  9:52  Drone  
  123  9:53  Drone x5  
  119  10:07  Hydralisk x6  
  117  10:25  Hydralisk  
Show
View Real Time Build Order
Export as new Build Order

xBenx Zerg 

Build Orders: Hatch First 

Get SALT Encoding   

  12  0:03  Drone  
  13  0:13  Overlord  
  13  0:20  Drone  
  14  0:32  Drone  
  15  0:48  Hatchery  
  14  0:55  Drone x2  
  16  1:11  Drone x2  
  18  1:22  Spawning Pool  
  18  1:24  Extractor  
  16  1:30  Drone x2  
  16  1:31  Extractor  
  17  1:39  Drone  
  18  1:54  Overlord  
  18  2:01  Drone  
  19  2:09  Queen  
  19  2:10  Queen  
  19  2:11  Drone  
  19  2:13  Drone  
  25  2:23  Overlord  
  25  2:26  Drone x2  
  27  2:35  Zergling x4  
  29  3:03  Drone x2  
  31  3:11  Drone x3  
  34  3:19  Extractor  
  33  3:23  Zergling x6  
  35  3:39  Lair  
  35  3:40  Roach Warren  
  34  3:44  Overlord  
  34  3:45  Zergling x6  
  34  3:46  Drone x2  
  39  3:50  Spore Crawler  
  39  3:51  Spore Crawler  
  37  3:56  Hatchery  
  37  3:57  Metabolic Boost  
  37  4:02  Burrow  
  36  4:20  Drone x6  
  42  4:45  Drone x3  
  45  4:48  Evolution Chamber  
  44  4:53  Extractor  
  44  4:57  Queen  
  45  5:01  Drone x4  
  45  5:03  Zergling x2, Hydralisk Den  
  45  5:05  Roach  
  51  5:13  Queen  
  52  5:31  Drone x3  
  52  5:32  Drone  
  52  5:33  Drone  
  52  5:34  Drone  
  58  5:39  Overlord x2  
  58  5:52  Overlord  
  58  5:57  Queen  
  58  5:58  Zerg Ground Armor Level 1  
  58  5:59  Grooved Spines  
  58  6:00  Hydralisk x5  
  68  6:46  Hydralisk x3  
  68  6:47  Zergling x8, Roach x3  
  76  6:48  Nydus Network  
  76  6:49  Zergling x2  
  76  6:51  Overlord x2  
  82  6:59  Spine Crawler x2  
  82  7:00  Drone x2  
  82  7:06  Infestation Pit  
  81  7:14  Drone, Evolution Chamber  
  81  7:15  Queen  
  83  7:22  Drone x3, Spine Crawler  
  86  7:23  Drone  
  86  7:29  Glial Reconstitution  
  86  7:35  Drone x3  
  86  7:36  Extractor  
  88  7:37  Hydralisk  
  88  7:38  Roach  
  88  7:39  Roach  
  94  7:45  Drone x2  
  94  7:48  Extractor  
  95  7:51  Zergling x6  
  95  7:56  Nydus Canal  
  87  8:35  Nydus Canal  
  87  8:41  Zergling x4, Hydralisk x3, Roach  
  71  8:42  Zergling x14, Roach x3  
  90  8:53  Spine Crawler  
  90  8:54  Spine Crawler  
  86  8:55  Evolution Chamber  
  86  8:57  Spine Crawler  
  84  9:03  Drone x3  
  83  9:12  Nydus Canal  
  83  9:14  Roach x3  
  81  9:19  Muscular Augments  
  81  9:23  Zergling x6  
  73  9:34  Zergling x2, Hydralisk x2  
  73  9:35  Zergling x12, Roach x2  
  73  9:36  Zergling x4  
  73  9:37  Overlord  
  73  9:38  Overlord x2  
  65  10:07  Nydus Canal  
  54  10:24  Nydus Canal  
  44  10:51  Extractor  
  44  10:52  Extractor  
  44  10:56  Hatchery  
Tags
 
Add a new tag
Caveats
  • Supply blocks, unpowered buildings, or Contaminate may cause inaccurate times.
  • Supply counts are checked every 10 seconds.